[Event "ICC tourney 3364 (40 10)"]
[Site "Internet Chess Club"]
[Date "2024.01.13"]
[Round "1"]
[White "KOEHL, EVAN:MacAndSneeze"]
[Black "HEBDEN, MARK L:mhebden"]
[Result "0-1"]
[ICCResult "White resigns"]
[WhiteElo "2048"]
[BlackElo "2499"]
[Opening "Scotch: Mieses variation"]
[ECO "C45"]
[NIC "SO.04"]
[Time "11:00:18"]
[PlyCount "58"]
[TimeControl "2400+10"]

1. e4 e5 2. Nf3 Nc6 3. d4 exd4 4. Nxd4 Nf6 5. Nxc6 bxc6 6. e5 Qe7 7. Qe2 Nd5
8. h4 a5 9. c4 Qb4+ 10. Nd2 Nf4 11. Qe4 Ne6 12. a3 Qb6 13. Nf3 Bc5 14. Qc2
Nd4 15. Nxd4 Bxd4 16. Bd3 h6 17. f4 O-O 18. h5 d6 19. Qe2 dxe5 20. f5 e4 21.
Bxe4 Re8 22. g4 c5 23. Rh4 Bb7 24. g5 Bxe4 25. Rxe4 Qc6 26. Rxe8+ Rxe8 27.
gxh6 Qh1+ 28. Kd2 Rxe2+ 29. Kxe2 Qxh5+ {White resigns} 0-1

[Event "ICC tourney 3364 (40 10)"]
[Site "Internet Chess Club"]
[Date "2024.01.13"]
[Round "1"]
[White "Fawzy, Adham:domti"]
[Black "HSIAO, ETHAN:tashunhsiao"]
[Result "1-0"]
[ICCResult "Black checkmated"]
[WhiteElo "2572"]
[BlackElo "2075"]
[Opening "French defense"]
[ECO "C11"]
[NIC "FR.05"]
[Time "11:00:35"]
[PlyCount "57"]
[TimeControl "2400+10"]

1. e4 e6 2. d4 d5 3. Nc3 Nf6 4. Bg5 h6 5. Bxf6 Qxf6 6. exd5 Bb4 7. Bb5+ c6
8. dxc6 Nxc6 9. Nf3 O-O 10. O-O Rd8 11. Ne4 Qf4 12. Bxc6 bxc6 13. Qe2 Bb7
14. c3 Be7 15. Rfd1 Rd5 16. b4 c5 17. bxc5 Rad8 18. Re1 Rf5 19. Qe3 Qg4 20.
h3 Qg6 21. Rab1 Bd5 22. c4 Ba8 23. Rb5 Rxf3 24. Qxf3 f5 25. Qg3 Qe8 26. Nd6
Qd7 27. Ra5 Qc7 28. Nxf5 Qxa5 29. Qxg7# {Black checkmated} 1-0

[Event "ICC tourney 3364 (40 10)"]
[Site "Internet Chess Club"]
[Date "2024.01.13"]
[Round "1"]
[White "QI, JENNY:eevee11"]
[Black "Harshavardhan, G B:vishwa64"]
[Result "0-1"]
[ICCResult "White checkmated"]
[WhiteElo "1934"]
[BlackElo "2460"]
[Opening "Sicilian: Richter-Rauzer, Rauzer attack, 7...a6 defense, 8...Bd7"]
[ECO "B67"]
[NIC "SI.30"]
[Time "11:00:24"]
[PlyCount "72"]
[TimeControl "2400+10"]

1. e4 c5 2. Nf3 d6 3. d4 cxd4 4. Nxd4 Nf6 5. Nc3 Nc6 6. Bg5 Bd7 7. Qd2 a6 8.
O-O-O e6 9. f4 b5 10. Bxf6 gxf6 11. f5 Qb6 12. fxe6 fxe6 13. Kb1 h5 14. Nf3
O-O-O 15. Nh4 Ne5 16. Bd3 Bh6 17. Qe1 Ng4 18. Rf1 b4 19. Ne2 Ne3 20. Qf2 Kc7
21. Ng6 Rhg8 22. Qxf6 Ng4 23. Qh4 Rxg6 24. e5 Rg5 25. exd6+ Qxd6 26. Be4 Qe5
27. Qg3 Qxg3 28. Nxg3 Ne3 29. Rfe1 Nxd1 30. Rxd1 h4 31. Ne2 Bb5 32. Rxd8
Kxd8 33. Nd4 Re5 34. Nxb5 Rxe4 35. Nc3 Re1+ 36. Nd1 Rxd1# {White checkmated}
0-1

[Event "ICC tourney 3364 (40 10)"]
[Site "Internet Chess Club"]
[Date "2024.01.13"]
[Round "1"]
[White "HIDALGO, JULIO A:julitico"]
[Black "Yang, Daniel:danielbest"]
[Result "0-1"]
[ICCResult "White resigns"]
[WhiteElo "1900"]
[BlackElo "2135"]
[Opening "Sicilian: Najdorf, Opocensky variation"]
[ECO "B92"]
[NIC "SI.11"]
[Time "11:14:23"]
[PlyCount "68"]
[TimeControl "2400+10"]

1. e4 c5 2. Nf3 d6 3. d4 cxd4 4. Nxd4 Nf6 5. Nc3 a6 6. Be2 e5 7. Nb3 Be7 8.
O-O O-O 9. Be3 Be6 10. f4 exf4 11. Bxf4 Nc6 12. Qd2 d5 13. exd5 Nxd5 14.
Nxd5 Bxd5 15. c3 Re8 16. Rfe1 Be6 17. Bf3 Qc8 18. Rad1 Bg4 19. Bxg4 Qxg4 20.
h3 Qf5 21. Rf1 Rad8 22. Nd4 Nxd4 23. cxd4 Qd5 24. a3 Bf6 25. Be3 Re4 26.
Rxf6 gxf6 27. Kh1 Rde8 28. Re1 Qe6 29. d5 Qe5 30. d6 Rxe3 31. Rxe3 Qxe3 32.
d7 Qe1+ 33. Kh2 Qe5+ 34. Kh1 Rd8 {White resigns} 0-1

[Event "ICC tourney 3364 (40 10)"]
[Site "Internet Chess Club"]
[Date "2024.01.13"]
[Round "1"]
[White "YANG, LEFAN:cutefelix"]
[Black "WANG, RACHEL ZIHAN:Rachelw07511"]
[Result "1/2-1/2"]
[ICCResult "Game drawn by repetition"]
[WhiteElo "2233"]
[BlackElo "1903"]
[Opening "QGA: classical variation"]
[ECO "D26"]
[NIC "QG.08"]
[Time "11:00:19"]
[PlyCount "112"]
[TimeControl "2400+10"]

1. d4 d5 2. c4 dxc4 3. Nf3 Nf6 4. e3 e6 5. Bxc4 c5 6. Nc3 Nc6 7. O-O cxd4 8.
exd4 Be7 9. Re1 O-O 10. Be3 Na5 11. Bd3 b6 12. Ne5 Bb7 13. f4 Nc6 14. Kh1
Nb4 15. Bb1 Rc8 16. a3 Nbd5 17. Bd2 a6 18. Qe2 Nxc3 19. bxc3 b5 20. a4 Qb6
21. Bd3 Bc6 22. Nxc6 Rxc6 23. axb5 axb5 24. Bxb5 Rc7 25. Ra6 Qb7 26. c4 Nd7
27. Rea1 Bf6 28. Qe3 Nb8 29. Ra7 Qb6 30. Rxc7 Qxc7 31. Bb4 Rc8 32. Rd1 Qa7
33. Bc5 Qa5 34. g4 g6 35. f5 Qa8+ 36. Kg1 gxf5 37. gxf5 Kh8 38. Kf2 Bh4+ 39.
Ke2 Qa2+ 40. Rd2 Qb1 41. Qe5+ f6 42. Qxe6 Rg8 43. Qd5 Qe1+ 44. Kd3 Bg5 45.
Qg2 Bxd2 46. Qxd2 Qf1+ 47. Qe2 Qxf5+ 48. Kc3 Qh3+ 49. Kb4 Nd7 50. Qe7 Ra8
51. Ba4 Rb8+ 52. Bb5 Ra8 53. Ba4 Rb8+ 54. Bb5 Ra8 55. Ba4 Rb8+ 56. Bb5 Ra8
{Game drawn by repetition}
1/2-1/2

[Event "ICC tourney 3364 (40 10)"]
[Site "Internet Chess Club"]
[Date "2024.01.13"]
[Round "1"]
[White "POLYAKIN, VLADIMIR:IAlwaysWin"]
[Black "BRUDNO, STEPHEN:StevChess01"]
[Result "1-0"]
[ICCResult "Black checkmated"]
[WhiteElo "2100"]
[BlackElo "1900"]
[Opening "Réti: Nimzovich-Larsen attack"]
[ECO "A06"]
[NIC "QP.09"]
[Time "11:00:21"]
[PlyCount "123"]
[TimeControl "2400+10"]

1. Nf3 d5 2. b3 Nf6 3. Bb2 c5 4. e3 a6 5. Be2 Nc6 6. O-O Bg4 7. h3 Bh5 8. d4
cxd4 9. exd4 e6 10. Nbd2 Be7 11. Re1 O-O 12. c4 Bd6 13. a3 Rc8 14. Ne5 Bxe2
15. Qxe2 Bb8 16. Ndf3 Qb6 17. cxd5 exd5 18. b4 Na7 19. Rac1 Qb5 20. Qxb5
Nxb5 21. a4 Nd6 22. Nd2 Ba7 23. Nb3 Nc4 24. Nxc4 dxc4 25. Nc5 b5 26. Nxa6
bxa4 27. Nc5 Nd5 28. Rxc4 Rfd8 29. Ra1 Nb6 30. Rcc1 f6 31. Nxa4 Rxc1+ 32.
Bxc1 Nxa4 33. Rxa4 Bxd4 34. b5 Be5 35. f4 Rd1+ 36. Kf2 Rxc1 37. fxe5 fxe5
38. Rb4 Rc7 39. b6 Rb7 40. Ke3 Kf7 41. Ke4 Kf6 42. Rb5 g6 43. Kd5 e4 44. Kc6
Rb8 45. Kc7 Re8 46. b7 e3 47. b8=Q Rxb8 48. Rxb8 Kf5 49. Kd7 h5 50. Ke7 Kf4
51. Kf6 g5 52. Rb4+ Kg3 53. Kf5 Kxg2 54. Re4 g4 55. hxg4 hxg4 56. Rxe3 g3
57. Kf4 Kh2 58. Rxg3 Kh1 59. Kf3 Kh2 60. Kf2 Kh1 61. Rg4 Kh2 62. Rh4#
{Black checkmated}
1-0

[Event "ICC tourney 3364 (40 10)"]
[Site "Internet Chess Club"]
[Date "2024.01.13"]
[Round "1"]
[White "IVANOV, ALEXANDER:marble"]
[Black "Singhvi, Armaan:PawnsRule"]
[Result "1-0"]
[ICCResult "Black forfeits on time"]
[WhiteElo "2486"]
[BlackElo "2028"]
[Opening "Sicilian: accelerated fianchetto, Maróczy bind, 6.Be3"]
[ECO "B38"]
[NIC "SI.33"]
[Time "11:00:23"]
[PlyCount "135"]
[TimeControl "2400+10"]

1. e4 c5 2. Nf3 g6 3. d4 cxd4 4. Nxd4 Nc6 5. c4 Bg7 6. Be3 Nf6 7. Nc3 O-O 8.
Be2 d6 9. O-O Bd7 10. Nc2 Rc8 11. h3 Na5 12. Na3 Be6 13. b3 a6 14. Rc1 Nd7
15. Bd4 Bxd4 16. Qxd4 Nc6 17. Qd2 Qa5 18. Nab1 Nf6 19. Rfe1 Qc5 20. Bf1 Kg7
21. Nd5 Rfe8 22. Nbc3 Qd4 23. Qxd4 Nxd4 24. Rcd1 Nc2 25. Re2 Na3 26. Nb6 Rc6
27. Nca4 Nd7 28. Nxd7 Bxd7 29. e5 b5 30. cxb5 axb5 31. Nb2 Be6 32. exd6 exd6
33. Nd3 Rd8 34. Nb4 Rc5 35. Red2 d5 36. g3 Kf6 37. Bg2 Rd7 38. g4 g5 39.
Bxd5 Bxd5 40. Nxd5+ Kg7 41. Ne3 Ra7 42. Nf5+ Kg6 43. Rd8 Rc6 44. Rg8+ Kf6
45. Rh8 Kg6 46. Rdd8 Nc2 47. Rdg8+ Kf6 48. Rxh7 Rca6 49. Rh6+ Ke5 50. Rxa6
Rxa6 51. Rxg5 Kf6 52. h4 Rxa2 53. Nd6 Nd4 54. Kg2 b4 55. Ne4+ Ke6 56. h5
Nxb3 57. Rb5 Nc1 58. Rxb4 Nd3 59. Rb5 Ra4 60. f3 Ne5 61. h6 Ng6 62. Kg3 Ra8
63. Rb6+ Ke5 64. Rf6 Rh8 65. Rf5+ Kd4 66. Rxf7 Rxh6 67. Rf6 Ke5 68. g5
{Black forfeits on time}
1-0

[Event "ICC tourney 3364 (40 10)"]
[Site "Internet Chess Club"]
[Date "2024.01.13"]
[Round "2"]
[White "HEBDEN, MARK L:mhebden"]
[Black "POLYAKIN, VLADIMIR:IAlwaysWin"]
[Result "1-0"]
[ICCResult "Black resigns"]
[WhiteElo "2499"]
[BlackElo "2100"]
[Opening "QGD: 4.Bg5 Be7"]
[ECO "D53"]
[NIC "QO.13"]
[Time "13:15:31"]
[PlyCount "83"]
[TimeControl "2400+10"]

1. d4 d5 2. c4 e6 3. Nc3 Nf6 4. Bg5 Be7 5. e3 h6 6. Bh4 O-O 7. Rc1 b6 8.
cxd5 Nxd5 9. Nxd5 exd5 10. Bxe7 Qxe7 11. Bd3 Qb4+ 12. Qd2 Qxd2+ 13. Kxd2 c6
14. Ne2 Bb7 15. Rc2 Nd7 16. Rhc1 Rac8 17. Bf5 Rcd8 18. Bxd7 Rxd7 19. Nf4 Re8
20. Nd3 f6 21. Nb4 Re6 22. Nxc6 Bxc6 23. Rxc6 Ree7 24. h4 Kf7 25. h5 Re6 26.
g4 Ke7 27. Rxe6+ Kxe6 28. Rc6+ Ke7 29. Kd3 Rb7 30. Rc8 Ke6 31. f3 Kd7 32.
Rg8 Ke6 33. e4 Rc7 34. Rd8 dxe4+ 35. fxe4 Ke7 36. Rg8 Kf7 37. Ra8 Ke6 38.
Ke3 Rd7 39. d5+ Kf7 40. Kd4 Ke7 41. e5 fxe5+ 42. Kxe5 {Black resigns} 1-0

[Event "ICC tourney 3364 (40 10)"]
[Site "Internet Chess Club"]
[Date "2024.01.13"]
[Round "2"]
[White "MARKOVIC, GORAN:Goran21"]
[Black "YUAN, SERENA:doudou2011"]
[Result "1-0"]
[ICCResult "Black resigns"]
[WhiteElo "2006"]
[BlackElo "1901"]
[Opening "Caro-Kann: closed (Breyer) variation"]
[ECO "B10"]
[NIC "CK.01"]
[Time "13:25:22"]
[PlyCount "47"]
[TimeControl "2400+10"]

1. e4 c6 2. d3 d5 3. Nd2 dxe4 4. dxe4 Nf6 5. Ngf3 g6 6. Bc4 Bg7 7. O-O O-O
8. h3 b5 9. Bb3 Bb7 10. e5 Nd5 11. Ne4 Nd7 12. Re1 Kh8 13. e6 N7f6 14. Neg5
Kg8 15. exf7+ Rxf7 16. Nxf7 Kxf7 17. Ne5+ Kg8 18. Bg5 a5 19. c4 bxc4 20.
Bxc4 e6 21. Ng4 Bc8 22. Bxd5 exd5 23. Bxf6 Bxf6 24. Re8+ {Black resigns} 1-0

[Event "ICC tourney 3364 (40 10)"]
[Site "Internet Chess Club"]
[Date "2024.01.13"]
[Round "2"]
[White "WANG, RACHEL ZIHAN:Rachelw07511"]
[Black "WU, JAYDEN:SparkyNinja"]
[Result "0-1"]
[ICCResult "White resigns"]
[WhiteElo "1903"]
[BlackElo "2075"]
[Opening "QGD: Vienna variation"]
[ECO "D38"]
[NIC "QI.01"]
[Time "13:15:20"]
[PlyCount "62"]
[TimeControl "2400+10"]

1. d4 Nf6 2. c4 e6 3. Nf3 d5 4. Bg5 Bb4+ 5. Nc3 h6 6. Bxf6 Qxf6 7. Qa4+ Nc6
8. e3 Bd7 9. Qc2 O-O 10. Bd3 dxc4 11. Bxc4 e5 12. d5 Bf5 13. e4 Nd4 14. Nxd4
exd4 15. a3 dxc3 16. axb4 cxb2 17. Rb1 Bxe4 18. Bd3 Bxg2 19. Rg1 Rfe8+ 20.
Kd1 Qf3+ 21. Kd2 Qxf2+ 22. Kc3 Qf6+ 23. Kd2 Qg5+ 24. Kc3 Qe5+ 25. Kd2 Qxh2
26. Qxb2 Bxd5+ 27. Kc3 Qe5+ 28. Kc2 Qxb2+ 29. Rxb2 Be4 30. Kc3 Bxd3 31. Kxd3
Rad8+ {White resigns} 0-1

[Event "ICC tourney 3364 (40 10)"]
[Site "Internet Chess Club"]
[Date "2024.01.13"]
[Round "2"]
[White "Singhvi, Armaan:PawnsRule"]
[Black "HIDALGO, JULIO A:julitico"]
[Result "1-0"]
[ICCResult "Black checkmated"]
[WhiteElo "2028"]
[BlackElo "1900"]
[Opening "Alekhine's defense: modern, Larsen variation"]
[ECO "B04"]
[NIC "AL.05"]
[Time "13:15:14"]
[PlyCount "77"]
[TimeControl "2400+10"]

1. e4 Nf6 2. e5 Nd5 3. Nf3 d6 4. d4 dxe5 5. Nxe5 g6 6. Bc4 c6 7. Nc3 Bg7 8.
Qf3 Be6 9. Ne4 Nd7 10. Nxd7 Qxd7 11. Nc5 Qc8 12. c3 O-O 13. O-O Nc7 14. Nxe6
Nxe6 15. Re1 b5 16. Bxe6 fxe6 17. Qe4 c5 18. dxc5 e5 19. b4 a5 20. Bg5 Bf6
21. Bh6 Rd8 22. h4 axb4 23. cxb4 Rd4 24. Qb1 Rxh4 25. Bd2 e4 26. Qb3+ Kg7
27. Bc3 Qf5 28. Bxf6+ exf6 29. Re3 Qe5 30. Rd1 Qh2+ 31. Kf1 Qh1+ 32. Ke2
Qxg2 33. Rg3 Qh2 34. Rd7+ Kh6 35. Rxh7+ Kxh7 36. Qf7+ Kh8 37. Qxf6+ Kg8 38.
Rxg6+ Kh7 39. Qg7# {Black checkmated} 1-0

[Event "ICC tourney 3364 (40 10)"]
[Site "Internet Chess Club"]
[Date "2024.01.13"]
[Round "2"]
[White "Li, Alex:AlexLi31415"]
[Black "YANG, LEFAN:cutefelix"]
[Result "0-1"]
[ICCResult "White checkmated"]
[WhiteElo "1835"]
[BlackElo "2233"]
[Opening "Queen's pawn game, Darooha variation "]
[ECO "D02"]
[NIC "QP.08"]
[Time "13:15:05"]
[PlyCount "82"]
[TimeControl "2400+10"]

1. d4 d5 2. Nf3 Nf6 3. g3 c6 4. Bg2 e6 5. O-O Be7 6. Bf4 Nbd7 7. Nbd2 O-O 8.
Ne5 Nxe5 9. Bxe5 Ng4 10. Bf4 g5 11. Be3 Nxe3 12. fxe3 f5 13. Nf3 Bf6 14. Rb1
a5 15. Qd2 b5 16. Ne1 e5 17. dxe5 Bxe5 18. Nf3 Bd6 19. Nd4 Bd7 20. Nxb5 Bc5
21. Bxd5+ cxd5 22. Qxd5+ Kg7 23. Qxc5 Bxb5 24. Qxb5 Qe7 25. Qd3 Rad8 26.
Qc3+ Kg6 27. Rbd1 Rc8 28. Qd3 Rcd8 29. Qa3 Qe5 30. Rd3 f4 31. exf4 Qxe2 32.
Qxa5 gxf4 33. gxf4 Rxd3 34. Qa6+ Kh5 35. Qxd3 Rg8+ 36. Qg3 Rxg3+ 37. hxg3
Kg4 38. Rf2 Qe3 39. Kf1 Kxg3 40. Re2 Qxf4+ 41. Ke1 Qc1# {White checkmated}
0-1

[Event "ICC tourney 3364 (40 10)"]
[Site "Internet Chess Club"]
[Date "2024.01.13"]
[Round "2"]
[White "Yang, Daniel:danielbest"]
[Black "IVANOV, ALEXANDER:marble"]
[Result "1/2-1/2"]
[ICCResult "Game drawn by mutual agreement"]
[WhiteElo "2135"]
[BlackElo "2486"]
[Opening "Robatsch defense: two knights, Suttles variation"]
[ECO "A40"]
[NIC "KF.05"]
[Time "13:15:07"]
[PlyCount "81"]
[TimeControl "2400+10"]

1. d4 g6 2. e4 Bg7 3. Nf3 d6 4. Nc3 c6 5. h3 Qc7 6. Be2 Nd7 7. a4 Ngf6 8.
O-O a5 9. Be3 O-O 10. Qd2 e5 11. Rad1 Re8 12. dxe5 dxe5 13. Bc4 Nf8 14. Ng5
Ne6 15. Nxe6 Bxe6 16. Bxe6 Rxe6 17. Qe2 Qe7 18. Rd2 Qb4 19. Qd3 Bf8 20. Bg5
Rd6 21. Qf3 Rxd2 22. Bxd2 Ne8 23. Qd3 Qe7 24. Ne2 Nc7 25. b3 Na6 26. Bxa5
Nc5 27. Bb4 Nxd3 28. Bxe7 Bxe7 29. cxd3 Rd8 30. Rd1 Bc5 31. g4 f6 32. Kg2
Kf7 33. h4 Rh8 34. Ng3 Rd8 35. Ne2 Rh8 36. f4 h5 37. fxe5 fxe5 38. Rf1+ Ke6
39. g5 Rf8 40. Rxf8 Bxf8 41. Kf3 {Game drawn by mutual agreement} 1/2-1/2

[Event "ICC tourney 3364 (40 10)"]
[Site "Internet Chess Club"]
[Date "2024.01.13"]
[Round "2"]
[White "Harshavardhan, G B:vishwa64"]
[Black "Fawzy, Adham:domti"]
[Result "1-0"]
[ICCResult "Black resigns"]
[WhiteElo "2460"]
[BlackElo "2572"]
[Opening "Grünfeld: 5.Bf4"]
[ECO "D92"]
[NIC "GI.07"]
[Time "13:15:27"]
[PlyCount "135"]
[TimeControl "2400+10"]

1. d4 Nf6 2. c4 g6 3. Nc3 d5 4. Nf3 Bg7 5. Bf4 O-O 6. Rc1 c5 7. dxc5 Be6 8.
Nd4 Nc6 9. Nxe6 fxe6 10. e3 Qa5 11. Qa4 Qxc5 12. Qb5 Qb6 13. Be2 d4 14. Qxb6
axb6 15. exd4 Nh5 16. Be3 Nf4 17. Bxf4 Rxf4 18. d5 Bxc3+ 19. bxc3 Ne5 20.
Rc2 Nxc4 21. dxe6 Nd6 22. O-O Rfa4 23. Ra1 Kg7 24. Bf3 R8a5 25. h3 Kf6 26.
Rb2 Ra3 27. Rxb6 Rxc3 28. Bxb7 Rca3 29. Re1 Re5 30. Rxe5 Kxe5 31. Rb2 Nxb7
32. Rxb7 Kxe6 33. Rb2 g5 34. Kf1 h5 35. Ke2 Kf5 36. Kd2 e5 37. Kc2 g4 38.
hxg4+ hxg4 39. Kb1 g3 40. f3 Kf4 41. Re2 Re3 42. Rc2 e4 43. fxe4 Rxe4 44.
Kb2 Ke3 45. Kb3 Re8 46. a4 Rb8+ 47. Ka3 Ra8 48. Ra2 Kd4 49. Rb2 Ke3 50. Rc2
Ra7 51. Ra2 Ra8 52. Kb4 Rb8+ 53. Kc4 Rc8+ 54. Kd5 Rf8 55. Ke5 Re8+ 56. Kd6
Rf8 57. a5 Rf2 58. Ra3+ Kf4 59. a6 Rxg2 60. a7 Rd2+ 61. Ke7 g2 62. a8=Q g1=Q
63. Qf3+ Ke5 64. Re3+ Kd4 65. Qe4+ Kc5 66. Rc3+ Kb5 67. Qc4+ Kb6 68. Qb4+
{Black resigns}
1-0

[Event "ICC tourney 3364 (40 10)"]
[Site "Internet Chess Club"]
[Date "2024.01.13"]
[Round "2"]
[White "HSIAO, ETHAN:tashunhsiao"]
[Black "QI, JENNY:eevee11"]
[Result "1-0"]
[ICCResult "Black checkmated"]
[WhiteElo "2075"]
[BlackElo "1934"]
[Opening "Sicilian: Najdorf, Adams attack"]
[ECO "B90"]
[NIC "SI.14"]
[Time "13:15:05"]
[PlyCount "177"]
[TimeControl "2400+10"]

1. e4 c5 2. Nf3 d6 3. d4 cxd4 4. Nxd4 Nf6 5. Nc3 a6 6. h3 e5 7. Nf3 Be7 8.
Bd3 O-O 9. O-O h6 10. Be3 b5 11. Ne2 Bb7 12. Ng3 Nbd7 13. Re1 Rc8 14. c3 Nc5
15. Bxc5 Rxc5 16. Qe2 Rc8 17. a4 Rb8 18. Nf5 Bc6 19. axb5 Bxb5 20. c4 Bd7
21. Nxe7+ Qxe7 22. Rxa6 Nh5 23. Qd2 Be6 24. b4 Rfc8 25. Rc1 Nf4 26. Bf1 Qb7
27. Rxd6 Qxe4 28. Qe3 Qxe3 29. fxe3 Ng6 30. Bd3 Ne7 31. Nxe5 Rxb4 32. Ra1
Nf5 33. Rc6 Rxc6 34. Nxc6 Rb6 35. Nd4 g6 36. c5 Rb8 37. Bxf5 Bxf5 38. Nxf5
gxf5 39. Rf1 Re8 40. Kf2 Rc8 41. Rc1 Kg7 42. c6 Kf6 43. Kf3 Ke5 44. Rc5+ Kd6
45. Rxf5 Kxc6 46. Rxf7 Rh8 47. h4 Kd6 48. h5 Ke6 49. Rg7 Kf6 50. Rg6+ Ke5
51. g4 Rf8+ 52. Ke2 Rh8 53. Kf3 Rf8+ 54. Kg3 Rh8 55. Kh4 Ke4 56. Re6+ Kf3
57. g5 hxg5+ 58. Kxg5 Rg8+ 59. Rg6 Rh8 60. h6 Kxe3 61. Rf6 Rg8+ 62. Kh5 Rg1
63. h7 Rh1+ 64. Kg6 Rg1+ 65. Kf7 Rh1 66. Kg7 Rg1+ 67. Rg6 Rh1 68. h8=Q Rxh8
69. Kxh8 Kf4 70. Kh7 Kf5 71. Kg7 Ke5 72. Rf6 Kd5 73. Kf7 Ke5 74. Ke7 Kd5 75.
Re6 Kd4 76. Kd6 Kc4 77. Re5 Kd4 78. Ke6 Kc4 79. Rd5 Kc3 80. Ke5 Kc4 81. Ke4
Kc3 82. Rd4 Kb3 83. Kd3 Ka3 84. Rc4 Ka2 85. Kc3 Ka3 86. Rb4 Ka2 87. Rb8 Ka1
88. Kc2 Ka2 89. Ra8# {Black checkmated} 1-0

[Event "ICC tourney 3364 (40 10)"]
[Site "Internet Chess Club"]
[Date "2024.01.13"]
[Round "2"]
[White "BRUDNO, STEPHEN:StevChess01"]
[Black "KOEHL, EVAN:MacAndSneeze"]
[Result "0-1"]
[ICCResult "White resigns"]
[WhiteElo "1900"]
[BlackElo "2048"]
[Opening "Neo-Grünfeld defense"]
[ECO "D70"]
[NIC "KI.80"]
[Time "13:15:07"]
[PlyCount "164"]
[TimeControl "2400+10"]

1. d4 Nf6 2. c4 g6 3. f3 d5 4. cxd5 Nxd5 5. e4 Nb6 6. Nc3 Bg7 7. Be3 c6 8.
f4 O-O 9. Be2 Be6 10. Nf3 Bc4 11. O-O N8d7 12. Rc1 Bxe2 13. Qxe2 e6 14. Rfd1
Qe7 15. Bf2 Rfe8 16. b3 Rac8 17. a4 Qb4 18. Qa2 a6 19. a5 Na8 20. e5 Nc7 21.
Ne4 Nb5 22. Rc4 Qe7 23. Bh4 Qf8 24. Be1 Qe7 25. Bb4 Qd8 26. Nd6 Nxd6 27.
Bxd6 Bf8 28. Bxf8 Nxf8 29. b4 Qe7 30. Qb2 Red8 31. Rc2 Nd7 32. Rcd2 Nf8 33.
Ng5 Rc7 34. Ne4 Nd7 35. Nd6 Nf8 36. Rd3 Rxd6 37. exd6 Qxd6 38. Qd2 Nd7 39.
g3 Nf6 40. Qe3 Nd5 41. Qe5 Qxb4 42. g4 Re7 43. Qb8+ Kg7 44. Qe5+ f6 45. Qe1
Qd6 46. g5 Qxf4 47. gxf6+ Qxf6 48. Qe5 Qxe5 49. dxe5 c5 50. Rc1 Rc7 51. Rc4
b5 52. axb6 Nxb6 53. Rc1 c4 54. Rd6 Nd5 55. Rxa6 c3 56. Ra3 Kh6 57. Kf2 Kg5
58. Ke2 Kf5 59. Rb3 Kxe5 60. Kd3 Rf7 61. Re1+ Kd6 62. Ke2 Kc5 63. Ra1 Kc4
64. Rb8 Kd4 65. Ra4+ Ke5 66. Ra1 Rf4 67. Kd3 Rd4+ 68. Ke2 Rd2+ 69. Kf3 Rxh2
70. Re1+ Kf6 71. Re2 Rxe2 72. Kxe2 h5 73. Kd3 h4 74. Rf8+ Ke5 75. Rh8 g5 76.
Rh6 h3 77. Kc2 g4 78. Rh5+ Kf4 79. Kd3 Kg3 80. Rh8 h2 81. Rh7 Kg2 82. Rh6
h1=Q {White resigns} 0-1

[Event "ICC tourney 3364 (40 10)"]
[Site "Internet Chess Club"]
[Date "2024.01.13"]
[Round "3"]
[White "POLYAKIN, VLADIMIR:IAlwaysWin"]
[Black "MARKOVIC, GORAN:Goran21"]
[Result "0-1"]
[ICCResult "White resigns"]
[WhiteElo "2100"]
[BlackElo "2006"]
[Opening "English opening"]
[ECO "A05"]
[NIC "QP.11"]
[Time "15:30:08"]
[PlyCount "72"]
[TimeControl "2400+10"]

1. Nf3 Nf6 2. c4 g6 3. b3 Bg7 4. Bb2 O-O 5. e3 d6 6. d4 Nbd7 7. Be2 Re8 8.
O-O e5 9. Nbd2 e4 10. Ne1 h5 11. Nc2 c6 12. f3 exf3 13. Bxf3 d5 14. cxd5
cxd5 15. Re1 Nf8 16. e4 dxe4 17. Nxe4 Nxe4 18. Bxe4 Ne6 19. Qd2 Nc5 20. Bf3
Rxe1+ 21. Rxe1 Bf5 22. Rd1 Nd3 23. Ba1 Qb6 24. Qe3 Rc8 25. Na3 Ne5 26. Be4
Ng4 27. Qe2 Bxe4 28. Qxe4 Qd6 29. Nc4 Qxh2+ 30. Kf1 Qh1+ 31. Ke2 Qxd1+ 32.
Kxd1 Nf2+ 33. Ke2 Nxe4 34. Kd3 f5 35. Bb2 b6 36. Bc1 b5 {White resigns} 0-1

[Event "ICC tourney 3364 (40 10)"]
[Site "Internet Chess Club"]
[Date "2024.01.13"]
[Round "3"]
[White "Singhvi, Armaan:PawnsRule"]
[Black "HSIAO, ETHAN:tashunhsiao"]
[Result "1/2-1/2"]
[ICCResult "Game drawn by mutual agreement"]
[WhiteElo "2028"]
[BlackElo "2075"]
[Opening "French: Tarrasch, Eliskases variation"]
[ECO "C07"]
[NIC "FR.19"]
[Time "15:30:14"]
[PlyCount "60"]
[TimeControl "2400+10"]

1. e4 e6 2. d4 d5 3. Nd2 c5 4. exd5 Qxd5 5. Ngf3 cxd4 6. Bc4 Qd8 7. O-O a6
8. Nb3 Nc6 9. Nbxd4 Nxd4 10. Nxd4 Qc7 11. Bb3 Bd6 12. h3 Ne7 13. Qf3 O-O 14.
c3 Bd7 15. Bc2 e5 16. Nf5 Nxf5 17. Bxf5 Bxf5 18. Qxf5 Qc8 19. Qe4 Qc7 20.
Rd1 Rad8 21. Bg5 Be7 22. Bxe7 Qxe7 23. Re1 Rfe8 24. Rad1 f6 25. Rd5 Rxd5 26.
Qxd5+ Qf7 27. Rd1 Qxd5 28. Rxd5 Kf7 29. Kf1 Ke6 30. Rd3 Rc8
{Game drawn by mutual agreement}
1/2-1/2

[Event "ICC tourney 3364 (40 10)"]
[Site "Internet Chess Club"]
[Date "2024.01.13"]
[Round "3"]
[White "YUAN, SERENA:doudou2011"]
[Black "WANG, RACHEL ZIHAN:Rachelw07511"]
[Result "1-0"]
[ICCResult "Black checkmated"]
[WhiteElo "1901"]
[BlackElo "1903"]
[Opening "QGA: classical variation, 6.O-O"]
[ECO "D26"]
[NIC "QG.08"]
[Time "15:31:59"]
[PlyCount "49"]
[TimeControl "2400+10"]

1. d4 d5 2. Nf3 Nf6 3. c4 dxc4 4. e3 e6 5. Bxc4 c5 6. O-O Nc6 7. Nc3 cxd4 8.
exd4 Be7 9. Re1 O-O 10. a3 b6 11. Bf4 Bb7 12. Qd3 Rc8 13. Ba2 Qd7 14. Rad1
Rfd8 15. d5 Na5 16. Qe2 Bxa3 17. dxe6 Qc6 18. exf7+ Kh8 19. Rxd8+ Rxd8 20.
bxa3 h6 21. Qe7 Rc8 22. f8=Q+ Rxf8 23. Qxf8+ Kh7 24. Bb1+ g6 25. Re7#
{Black checkmated}
1-0

[Event "ICC tourney 3364 (40 10)"]
[Site "Internet Chess Club"]
[Date "2024.01.13"]
[Round "3"]
[White "Harshavardhan, G B:vishwa64"]
[Black "HEBDEN, MARK L:mhebden"]
[Result "1-0"]
[ICCResult "Black resigns"]
[WhiteElo "2460"]
[BlackElo "2499"]
[Opening "King's Indian: Petrosian system, Stein variation"]
[ECO "E92"]
[NIC "KI.17"]
[Time "15:30:49"]
[PlyCount "97"]
[TimeControl "2400+10"]

1. d4 Nf6 2. c4 g6 3. Nc3 Bg7 4. e4 d6 5. Nf3 O-O 6. Be2 e5 7. d5 a5 8. Bg5
Na6 9. Nd2 c6 10. O-O Bd7 11. a3 h6 12. Be3 h5 13. h3 Nh7 14. Rb1 c5 15. Nb5
Qe7 16. Bd3 f5 17. f4 fxe4 18. Bxe4 Bxb5 19. cxb5 Nc7 20. Bxg6 exf4 21.
Bxh7+ Kxh7 22. Qxh5+ Kg8 23. Bxf4 Nxb5 24. Rbe1 Qf7 25. Qxf7+ Rxf7 26. Nc4
a4 27. Bg3 Rxf1+ 28. Rxf1 Nc7 29. Bxd6 Nxd5 30. Rf5 Bd4+ 31. Kh2 b5 32. Rxd5
bxc4 33. Be5 Be3 34. h4 Re8 35. Kh3 Kf7 36. Bc3 Re4 37. Rf5+ Ke6 38. Rf6+
Kd5 39. Rf3 Bd4 40. h5 Re8 41. g4 Ke4 42. Kg3 Rh8 43. Kg2 Rg8 44. Rg3 Kf4
45. g5 Re8 46. g6 Re2+ 47. Kh3 Bf2 48. Rg4+ Kf3 49. g7 {Black resigns} 1-0

[Event "ICC tourney 3364 (40 10)"]
[Site "Internet Chess Club"]
[Date "2024.01.13"]
[Round "3"]
[White "WU, JAYDEN:SparkyNinja"]
[Black "IVANOV, ALEXANDER:marble"]
[Result "0-1"]
[ICCResult "White resigns"]
[WhiteElo "2075"]
[BlackElo "2486"]
[Opening "Owen defense"]
[ECO "B00"]
[NIC "VO.01"]
[Time "15:30:07"]
[PlyCount "76"]
[TimeControl "2400+10"]

1. e4 b6 2. d4 Bb7 3. Nc3 e6 4. Bd3 Nf6 5. Nge2 d6 6. O-O Nbd7 7. Ng3 h5 8.
h3 e5 9. dxe5 dxe5 10. f4 h4 11. Nge2 Bc5+ 12. Kh1 Qe7 13. a3 O-O-O 14. b4
Bd4 15. Nxd4 exd4 16. Nd5 Nxd5 17. exd5 Nf6 18. Re1 Qd7 19. Re5 Bxd5 20. Bf5
Be6 21. Bxe6 fxe6 22. Qe2 Kb8 23. Bd2 d3 24. cxd3 Qxd3 25. Qxd3 Rxd3 26. Be1
Nd5 27. f5 exf5 28. Rxf5 Ne3 29. Rf3 g5 30. Kg1 Rhd8 31. Kf2 Nc2 32. Rxd3
Rxd3 33. Ra2 Nxe1 34. Kxe1 Kb7 35. Ke2 Rg3 36. Kf2 c6 37. a4 Rb3 38. a5 Rxb4
{White resigns}
0-1